 Dungeon Crawl Stone Soup version 0.31.0-12-g77e489cdc1 (webtiles) character file.

Game seed: 13143174212105798707

963 hawla the Charlatan (level 7, -2/40 HPs)
             Began as a Deep Elf Fire Elementalist on Feb 19, 2024.
             Was an Initiate of Vehumet.
             Slain by a gnoll sergeant
             ... wielding a +0 trident
              (16 damage)
             ... on level 5 of the Dungeon.
             The game lasted 00:10:59 (4399 turns).

hawla the Charlatan (Deep Elf Fire Elementalist)    Turns: 4399, Time: 00:11:00

Health: -2/40      AC:  4    Str:  8    XL:     7   Next: 92%
Magic:  1/15       EV: 12    Int: 26    God:    Vehumet [......]
Gold:   184        SH:  5    Dex: 15    Spells: 7/14 levels left

rFire   . . .        c - staff "Dybrurat" {rElec rC+ Str+3 Int+4 Air}
rCold   + . .        (no shield)
rNeg    . . .        a - +0 robe
rPois   .            (no helmet)
rElec   +            (no cloak)
rCorr   .            (no gloves)
SInv    .            o - +1 pair of boots
Will    .....        h - amulet of reflection
Stlth   ++           (no ring)
HPRegen 0.26/turn    (no ring)
MPRegen 0.14/turn

%: reflection
@: very slightly contaminated
A: no striking features
a: Renounce Religion


You were on level 5 of the Dungeon.
You worshipped Vehumet.
Vehumet was noncommittal.
You visited 2 branches of the dungeon, and saw 6 of its levels.

You collected 184 gold pieces.

Inventory:

Hand Weapons
 r - a +0 falchion
Missiles
 l - 6 curare-tipped darts
Armour
 a - a +0 robe (worn)
 o - a +1 pair of boots (worn)
Magical Staves
 c - the staff "Dybrurat" (weapon) {rElec rC+ Str+3 Int+4 Air}
   (You acquired it on level 2 of the Dungeon)

   [staff of air]

   Base accuracy: +5 Base damage: 5 Base attack delay: 1.2 This weapon's minimum
   attack delay (0.6) is reached at skill level 12.
   Str+3:     It affects your strength (+3).
   Int+4:     It affects your intelligence (+4).
   rC+:       It protects you from cold.
   rElec:     It insulates you from electricity.
   Air:       It increases the power of your Air spells.
   It falls into the 'Staves' category.
   It is a one-handed weapon.
Jewellery
 h - an amulet of reflection (around neck)
Talismans
 d - a maw talisman
Wands
 p - a wand of light (3)
Scrolls
 n - a scroll of vulnerability
Potions
 b - 3 potions of heal wounds
 e - a potion of degeneration {unknown}
 f - a potion of ambrosia {unknown}
 i - 2 potions of resistance
 j - a potion of mutation {unknown}
 k - 3 potions of haste {unknown}
 m - a potion of brilliance {unknown}
 q - 2 potions of invisibility {unknown}


   Skills:
 - Level 2.0 Fighting
 - Level 2.4 Dodging
 - Level 3.0 Stealth
 - Level 4.0 Spellcasting
 - Level 3.0 Conjurations
 - Level 6.0 Fire Magic
 - Level 2.0 Air Magic
 + Level 6.4 Evocations


You had 7 spell levels left.
You knew the following spells:

 Your Spells              Type           Power      Damage    Failure   Level
a - Foxfire               Conj/Fire      100%       2x1d9     1%          1
b - Scorch                Fire           72%        2d8       1%          2
c - Flame Wave            Conj/Fire      28%        2d9       13%         4

Your spell library contained the following spells:

 Spells                   Type           Power      Damage    Failure   Level
 Inner Flame              Hex/Fire       20%        N/A       8%          3
 Volatile Blastmotes      Fire/Tloc      40%        2d13      8%          3
 Summon Ice Beast         Ice/Summ       5%         N/A       26%         3
 Summon Mana Viper        Hex/Summ       5%         N/A       93%         5
 Monstrous Menagerie      Summ           2%         N/A       100%        7


Dungeon Overview and Level Annotations

Branches:
Dungeon (5/15)             Temple (1/1) D:4

Altars:
Ashenzari
Cheibriados
Dithmenos
Elyvilon
Fedhas
Hepliaklqana
Kikubaaqudgha
Nemelex Xobeh
Okawaru
Qazlal
Uskayaw
Vehumet
Wu Jian
Xom
Yredelemnul
Zin
The Shining One

Shops:
D:1 (


Message History

Confirm with . or Enter, or press ? or * to list all spells.
Casting: Flame Wave (quite dangerous; 13% risk of failure)
Press: ? - help, Dir - look around, f - activate You miscast Flame Wave.
You are very lightly contaminated with residual magic.
Nothing appears to happen.
The gnoll sergeant is no longer more vulnerable to fire.
The gnoll sergeant hits you with a +0 trident.
Casting: Flame Wave (quite dangerous; 13% risk of failure)
Confirm with . or Enter, or press ? or * to list all spells.
Casting: Flame Wave (quite dangerous; 13% risk of failure)
Press: ? - help, Dir - look around, f - activate A wave of flame ripples out!
The flame wave engulfs the gnoll sergeant.
The gnoll sergeant is heavily wounded. (Press . to intensify the flame waves.)
The gnoll sergeant closely misses you.
A wave of flame ripples out!
The flame wave engulfs the gnoll sergeant!
The gnoll sergeant is almost dead.
The flame wave engulfs the gnoll!!
The gnoll is burned terribly!
You kill the gnoll!
Vehumet accepts your kill.
The gnoll sergeant hits you with a +0 trident!
You hit the gnoll sergeant but do no damage.
The gnoll sergeant is electrocuted.
The gnoll sergeant is almost dead.
The gnoll sergeant hits you with a +0 trident.
You hit the gnoll sergeant but do no damage.
The gnoll sergeant is almost dead.
The gnoll sergeant hits you with a +0 trident.
You hit the gnoll sergeant but do no damage.
The gnoll sergeant is almost dead.
The gnoll sergeant closely misses you.
You hit the gnoll sergeant but do no damage.
The gnoll sergeant is almost dead.
You block the gnoll sergeant's attack.
The gnoll sergeant hits you with a +0 trident.
The gnoll sergeant hits you from afar with a +0 trident!
You die...

########### #.........#
#.#######.# #.# #.# #.# ##.## #.#
##.#.######### #.#
##.###.........# #.# #.##
##......#.### #.#
#@.###.#####.....# ######### #.#
#)#.#............# ........# #.#
#g##.#..# #.......
.##.###.###.####)##.#..# ##.....#
#........##.........#..# #..)..#
..#.##............##...## #.#[###
..#.###..######...#.#.#.###..)...
###.###............#.###.##...###
# #................##.#.......# #


You could see a gnoll sergeant.

Vanquished Creatures
  Grinder (D:5)
  Sigmund (D:4)
  Eustachio (D:4)
  A phantom (D:4)
  A scorpion (D:5)
  A bombardier beetle (D:3)
  2 hounds
  2 orc wizards
  3 gnolls (D:5)
  9 adders
  2 shadow imps (D:5)
  4 dart slugs
  2 ribbon worms
  9 orcs
  6 ball pythons
  2 bats (D:3)
  5 endoplasms
  4 giant cockroaches
  8 goblins
  2 hobgoblins
  A quokka (D:4)
  4 frilled lizards
  2 kobolds
  2 rats
75 creatures vanquished.

Vanquished Creatures (collateral kills)
  4 foxfires (D:3)
4 creatures vanquished.

Vanquished Creatures (others)
  158 foxfires
158 creatures vanquished.

Grand Total: 237 creatures vanquished

Notes
Turn   | Place    | Note
-------+----------+-------------------------------------------
     0 | D:1      | hawla the Deep Elf Fire Elementalist began the quest for
                  | the Orb.
     0 | D:1      | Reached XP level 1. HP: 10/10 MP: 6/6
    90 | D:1      | Found Haunot's Weapon Emporium.
   263 | D:1      | Reached skill level 1 in Fighting
   350 | D:1      | Reached XP level 2. HP: 16/16 MP: 6/8
   578 | D:2      | Identified a scroll of acquirement
   579 | D:2      | Acquired the staff "Dybrurat" {rElec rC+ Str+3 Int+4 Air}
   723 | D:2      | Reached XP level 3. HP: 19/21 MP: 5/9
   730 | D:2      | Reached skill level 1 in Air Magic
   813 | D:2      | Found a stormy altar of Qazlal.
   817 | D:2      | Learned a level 2 spell: Scorch
  1098 | D:2      | Found a faded altar of an unknown god.
  1199 | D:3      | Reached XP level 4. HP: 26/26 MP: 5/10
  2251 | D:4      | Noticed a phantom
  2257 | D:4      | Killed a phantom
  2258 | D:4      | Reached XP level 5. HP: 24/30 MP: 4/13
  2263 | D:4      | Learned a level 4 spell: Flame Wave
  2358 | D:4      | Found a staircase to the Ecumenical Temple.
  2361 | D:4      | Noticed Sigmund
  2368 | Temple   | Entered the Ecumenical Temple
  2447 | D:4      | Killed Sigmund
  2448 | D:4      | Reached skill level 5 in Fire Magic
  2448 | D:4      | Reached XP level 6. HP: 35/35 MP: 8/14
  2449 | D:4      | Noticed Eustachio
  2528 | D:4      | Found a shimmering altar of Xom.
  2610 | D:4      | Found a radiant altar of Vehumet.
  2644 | D:4      | Became a worshipper of Vehumet
  2729 | D:5      | Entered Level 5 of the Dungeon
  2872 | D:5      | Reached skill level 1 in Evocations
  3469 | D:4      | Killed Eustachio
  3470 | D:4      | Reached XP level 7. HP: 23/40 MP: 2/15
  3911 | D:5      | Noticed Grinder
  3917 | D:5      | Killed Grinder
  3918 | D:5      | Reached skill level 5 in Evocations
  4399 | D:5      | Slain by a gnoll sergeant

Illustrated notes

Levels and vault maps discovered:
D:1:      roderic_crossed_star, layout_rooms, serial_shops, shop, minivault_23,
          grunt_decor_arrowhead
D:2:      kennysheep_big_flooded_room, layout_rooms, basic_altar,
          chequers_ecumenical_altar_simple_redux
D:3:      layout_loops_ring, serial_forest, infiniplex_forest_lined_2,
          infiniplex_forest_end_1, infiniplex_forest_lined_3,
          infiniplex_forest_clump_C, infiniplex_forest_clump_double,
          infiniplex_forest_zigzag_1, infiniplex_forest_zigzag_1,
          infiniplex_forest_end_1, infiniplex_forest_end_1, grunt_ministairs_3
D:4:      layout_basic, mainiacjoe_overflow_brackets, xom_teletrap_fun,
          minmay_temple_entry_ruins, uniq_eustachio, uniq_sigmund
D:5:      layout_loops_ring, uniq_grinder
Temple:   eino_wide_crystal_templ

Skill      XL: |  1  2  3  4  5  6  7 |
---------------+----------------------+-----
Fighting       | 1 2 |  2.0
Air Magic      | 2 |  2.0
Stealth        | 3 |  3.0
Conjurations   | 2 3 |  3.0
Spellcasting   | 4 |  4.0
Fire Magic     | 4 5 6 |  6.0
Evocations     | 4 6 |  6.4
Dodging        | |  2.4

Action                     |  1- 3 |  4- 6 |  7- 9 || total
---------------------------+-------+-------+-------++-------
  Melee: Unarmed           |     5 |       |       ||     5
         Staff             |     8 |    30 |    10 ||    48
   Cast: Foxfire           |    37 |    48 |    13 ||    98
         Scorch            |     4 |    23 |    18 ||    45
         Flame Wave        |       |     7 |     1 ||     8
  Evoke: Wand              |       |     3 |       ||     3
    Use: Scroll            |     2 |     7 |     2 ||    11
         Potion            |       |     4 |       ||     4
   Stab: Sleeping          |     1 |       |       ||     1
 Armour: Robe              |    16 |    43 |    14 ||    73
  Dodge: Dodged            |    18 |    52 |     8 ||    78
  Block: Other             |     4 |    19 |     6 ||    29
